[Event "Early-Titled-Tuesday-Blitz-January-30-2024"]
[Site "Chess.com"]
[Date "2024.01.30"]
[Round "11"]
[White "Perecke"]
[Black "GaiozNigalidze"]
[Result "1-0"]
[WhiteElo "2598"]
[BlackElo "2704"]
[TimeControl "180+1"]
[EndTime "10:12:42 PST"]
[Termination "Perecke won by resignation"]

1. e4 c5 2. Nf3 d6 3. d4 cxd4 4. Nxd4 Nf6 5. Nc3 a6 6. h3 e5 7. Nde2 Be7 8. g4 h6 9. Bg2 b5 10. a4 b4 11. Nd5 Nxd5 12. Qxd5 Ra7 13. Be3 Rb7 14. O-O Nd7 15. f4 O-O 16. Qd2 Qc7 17. Ng3 exf4 18. Bxf4 Ne5 19. Nf5 Be6 20. Rad1 Rb6 21.
Be3 Rc6 22. Nd4 Nc4 23. Qe2 Nxe3 24. Qxe3 Rc5 25. b3 Bg5 26. Qd3 a5 27. Nb5 Qb6 28.
Kh1 Bc8 29. Nxd6 Ba6 30. Nb5 Bxb5 31. axb5 Rxb5 32. Qd7 Rc5 33. Rd6 Qb8 34. Rf2 Bh4 35. Rfd2 Qe8 36. Qxe8 Rxe8 37. R6d5 Rec8 38. e5 Bg3 39.
Rxc5 Rxc5 40. Rd7 Bxe5 41. Bd5 Rxc2 42. Rd8+ Kh7 43. Be4+ f5 44. Bxc2 Kg6 45. Bxf5+ Kg5 46. Rd5 Bc3 47. Rxa5 Kh4 48. Kg2 g5 49. Ra6 h5 50.
Rh6 1-0

[Event "Early-Titled-Tuesday-Blitz-January-30-2024"]
[Site "Chess.com"]
[Date "2024.01.30"]
[Round "11"]
[White "karinachess1"]
[Black "verrbaa"]
[Result "0-1"]
[WhiteElo "2616"]
[BlackElo "2491"]
[TimeControl "180+1"]
[EndTime "10:12:44 PST"]
[Termination "verrbaa won by resignation"]

1. c4 Nf6 2. Nc3 g6 3. Nf3 Bg7 4. e4 d6 5. d4 O-O 6. Be2 e5 7.
O-O Nc6 8. d5 Ne7 9. Ne1 Nd7 10. Be3 f5 11. f3 f4 12. Bf2 g5 13.
Nd3 b6 14. b4 a5 15. a3 Nf6 16.
c5 h5 17. Rc1 axb4 18. axb4 bxc5 19. bxc5 g4 20. cxd6 cxd6 21. Nb5 g3 22. hxg3 fxg3 23. Bxg3 Qb6+ 24. Bf2 Qxb5 25. Nxe5 Qe8 26. Nc6 Ng6 27. Bg3 Qd7 28. Nd4 h4 29. Bb5 Qa7 30. Bf2 Qf7 31. Rc6 Nh5 32. Rxd6 Be5 33. Re6 Qf4 34. Rxg6+ Kh7 35.
Re1 Qh2+ 36. Kf1 Kxg6 37. Ne2 Ng3+ 38. Nxg3 hxg3 39. Bg1 Qh1 40. d6 Bh3 41. Qe2 Rxf3+ 42. Qxf3 Rf8 43. Ke2 Rxf3 44. gxf3 Qg2+ 45. Kd1 Qxf3+ 46.
Be2 Qb3+ 47. Kc1 Bf4+ 0-1

[Event "Early-Titled-Tuesday-Blitz-January-30-2024"]
[Site "Chess.com"]
[Date "2024.01.30"]
[Round "11"]
[White "dretch"]
[Black "TigrVShlyape"]
[Result "0-1"]
[WhiteElo "2804"]
[BlackElo "2928"]
[TimeControl "180+1"]
[EndTime "10:12:46 PST"]
[Termination "TigrVShlyape won on time"]

1. d4 f5 2. g3 Nf6 3. Bg2 g6 4. Nh3 Bg7 5. O-O O-O 6. Nf4 d6 7. Nc3 c6 8. e4 e5 9. dxe5 dxe5 10. Qxd8 Rxd8 11. Nd3 Na6 12. Re1 Nd7 13. Be3 Nf8 14. Rad1 Ne6 15. Bc1 Nd4 16. Bg5 Re8 17. f4 Nxc2 18.
Re2 Nd4 19. Rf2 exf4 20. gxf4 Nc7 21. e5 Nce6 22. Bh4 Bf8 23. Rfd2 Bh6 24. Bf2 a5 25. Na4 Nb5 26. Be3 Nbc7 27. Nb6 Rb8 28. Nc5 Bxf4 29.
Bxf4 Nxf4 30. Ncd7 Bxd7 31. Nxd7 Nxg2 32. Kxg2 Nd5 33.
Nxb8 Rxb8 34. Kf3 Kf7 35. Re1 Ke6 36. h4 Rg8 37. a3 h6 38. Rh2 a4 39. Rhh1 Nb6 40.
Rh2 Nc4 41. Kf4 g5+ 42. hxg5 hxg5+ 43. Kg3 f4+ 44. Kf2 Nxe5 45. Rh7 Kf5 46. Rd1 b5 47. Rc7 Rh8 48. Kg2 g4 49. Rg1 g3 50. Rf1 Rh2+ 51.
Kg1 f3 0-1

[Event "Early-Titled-Tuesday-Blitz-January-30-2024"]
[Site "Chess.com"]
[Date "2024.01.30"]
[Round "11"]
[White "only_strong_moves"]
[Black "Makswolf200817"]
[Result "0-1"]
[WhiteElo "2547"]
[BlackElo "2698"]
[TimeControl "180+1"]
[EndTime "10:12:46 PST"]
[Termination "Makswolf200817 won by resignation"]

1. d4 d5 2. Nc3 Nf6 3. Bf4 a6 4. e3 e6 5. Nf3 c5 6. Be2 Nc6 7.
O-O Be7 8. Ne5 O-O 9. a3 Nxe5 10.
Bxe5 b6 11. f4 Ne8 12. f5 exf5 13. dxc5 Bxc5 14. Qxd5 Bxe3+ 15. Kh1 Be6 16. Qf3 Bg5 17.
Rad1 Qc8 18. Nd5 Bxd5 19. Rxd5 g6 20. Qg3 Bf6 21. Bxf6 Nxf6 22. Rdxf5 Ne4 23. Qg4 Qxc2 24.
R5f4 Rae8 25. Bxa6 f5 26. Qh3 Qxb2 27. Qd3 Re7 28.
h4 Kg7 29. Kh2 Qe5 30. Kh1 Rff7 31. Bc4 Rd7 32. Qf3 Rf8 33. Qe3 Qc5 34. Qb3 Rd4 35.
Be2 Rfd8 36. h5 Nd2 37. Qb2 Nxf1 38. Rxf1 Qe5 39. Kg1 Re4 40. Qxe5+ Rxe5 41. Bf3 Ra5 42.
Rc1 Rxa3 43. Rc7+ Kh6 44. hxg6 hxg6 45. Rc6 Rb8 46. Bd5 b5 47. Bf7 Rg3 48. Kf2 Rg4 49. Be6 b4 50. Bxf5 Rf4+ 0-1

[Event "Early-Titled-Tuesday-Blitz-January-30-2024"]
[Site "Chess.com"]
[Date "2024.01.30"]
[Round "11"]
[White "Better_Chess_Faster"]
[Black "NowInChess"]
[Result "0-1"]
[WhiteElo "2132"]
[BlackElo "2283"]
[TimeControl "180+1"]
[EndTime "10:12:47 PST"]
[Termination "NowInChess won by checkmate"]

1. d4 Nf6 2. Bg5 e6 3. e4 h6 4. Bxf6 Qxf6 5. c3 d5 6. e5 Qd8 7. Nf3 c5 8. Bd3 Nc6 9. O-O Qb6 10. Re1 Qxb2 11. Nbd2 Qxc3 12. Bb5 Bd7 13. dxc5 Bxc5 14. Rc1 Qb4 15. Bxc6 bxc6 16. Nb3 Be7 17. Re2 c5 18. Rb2 c4 19. Nc5 Qxc5 20. Rb7 Bc6 21. Rc7 Qb6 22.
Rxe7+ Kxe7 23. Nd4 Rab8 24. f4 Rhc8 25. h3 Ba4 26.
Qd2 Qb2 27. Qe3 c3 28. f5 Qd2 29. f6+ Kf8 30. fxg7+ Kg8 31. Re1 Qxe3+ 32. Rxe3 c2 33. Ne2 c1=Q+ 34. Nxc1 Rxc1+ 35. Kh2 Kxg7 36. Ra3 Rb4 37.
Rg3+ Kf8 38. Rf3 Rc2 39. Rg3 Rbb2 40. h4 Rxg2+ 41. Rxg2 Rxg2+ 42. Kxg2 d4 43. Kf3 d3 44. Ke3 Bb5 45. Kd2 f6 46. a4 Ba6 47. exf6 Kf7 48. a5 Kxf6 49. h5 Kg5 50. Ke3 Kxh5 51. Kd2 Kg5 52.
Ke3 h5 53. Kd2 h4 54. Ke3 h3 55. Kf2 h2 56. Kg3 h1=Q 57. Kf2 Qh2+ 58. Ke3 Qe2+ 59. Kd4 d2 60. Kc3 d1=Q 61. Kb4 Qc4+ 62. Ka3 Qda4+ 63. Kb2 Qcc2# 0-1

[Event "Early-Titled-Tuesday-Blitz-January-30-2024"]
[Site "Chess.com"]
[Date "2024.01.30"]
[Round "11"]
[White "simonachess"]
[Black "Bkmzzzzz"]
[Result "1/2-1/2"]
[WhiteElo "2345"]
[BlackElo "2336"]
[TimeControl "180+1"]
[EndTime "10:12:48 PST"]
[Termination "Game drawn by repetition"]

1. d4 d5 2. c4 dxc4 3. Nf3 a6 4. e3 Nf6 5. Bxc4 e6 6. O-O c5 7. Qe2 cxd4 8. Rd1 Nbd7 9. exd4 Be7 10. Nc3 O-O 11.
d5 exd5 12. Nxd5 Nxd5 13. Bxd5 Bf6 14. Bf4 Qe7 15. Qxe7 Bxe7 16. Bxb7 Bxb7 17. Rxd7 Bxf3 18. gxf3 Bf6 19. Rb7 Rfc8 20. Rd1 Rc2 21. Rd2 Rxd2 22. Bxd2 g6 23. Rb6 Bd4 24. Rd6 Bxb2 25. a4 Be5 26.
Rd5 Bf6 27. f4 Kg7 28. f5 gxf5 29. Rxf5 Rd8 30. Be3 Rd6 31. Kg2 Kg6 32. Rc5 Be7 33.
Rc7 Re6 34. Ra7 Bb4 35. Rb7 Ba5 36. Kf3 Kf6 37. h3 Kg6 38. Rd7 Rc6 39. h4 Rc4 40.
Rd4 Rc6 41. Rd5 Bc7 42. h5+ Kf6 43. Bd4+ Ke6 44. Ke4 Rc4 45. Rc5 Rxc5 46. Bxc5 Be5 47. f4 Bc3 48. f5+ Kd7 49. Kd5 Bb2 50. Bd4 Bxd4 51.
Kxd4 Kd6 52. a5 f6 53. h6 Kc6 54. Kc4 Kd6 55. Kd4 Kc6 56. Kc4 Kd6 57. Kd4 1/2-1/2

[Event "Early-Titled-Tuesday-Blitz-January-30-2024"]
[Site "Chess.com"]
[Date "2024.01.30"]
[Round "11"]
[White "LimeInTheCoconut"]
[Black "cristiano78"]
[Result "1-0"]
[WhiteElo "2475"]
[BlackElo "2292"]
[TimeControl "180+1"]
[EndTime "10:12:49 PST"]
[Termination "LimeInTheCoconut won by resignation"]

1. e4 c5 2. Nf3 d6 3. c3 Nf6 4.
h3 Bd7 5. Bd3 Bc6 6. Qe2 e5 7.
Bc2 Be7 8. d4 cxd4 9. cxd4 Qc7 10. Nc3 a6 11. a4 O-O 12. O-O Rc8 13. Be3 b6 14. Rfc1 Nbd7 15. Bb3 Qd8 16. Ng5 exd4 17. Nxf7 Qf8 18. Bxd4 Nc5 19. Bxc5 dxc5 20. e5 Ne8 21.
Qg4 Rc7 22. Nd8+ Kh8 23. Nf7+ Kg8 24. Rd1 g6 25. Nd8+ Kh8 26. Nxc6 Rxc6 27. Bd5 Rcc8 28. Bxa8 Rxa8 29. Nd5 Ng7 30. Nxe7 Qxe7 31. Rd5 Nf5 32.
Rad1 Re8 33. Qe4 h5 34. Rd7 Qxe5 35. Qxe5+ Rxe5 36. Rb7 Re8 37. Rdd7 b5 38. axb5 axb5 39. Rxb5 Kg8 40. Rxc5 Re1+ 41. Kh2 Kf8 42. Rc8+ Re8 43. Rxe8+ Kxe8 44. Ra7 Nh4 45. b4 g5 46. Ra5 g4 47.
Rxh5 gxh3 48. Rxh4 hxg2 49. Kxg2 1-0

[Event "Early-Titled-Tuesday-Blitz-January-30-2024"]
[Site "Chess.com"]
[Date "2024.01.30"]
[Round "11"]
[White "Irishchessman16"]
[Black "hsd2016"]
[Result "1-0"]
[WhiteElo "2492"]
[BlackElo "2319"]
[TimeControl "180+1"]
[EndTime "10:12:49 PST"]
[Termination "Irishchessman16 won by resignation"]

1. d4 d5 2. c4 c6 3. cxd5 cxd5 4.
Bf4 Nf6 5. e3 Nc6 6. Nc3 Bf5 7. Be2 e6 8. Qb3 Bb4 9. Nf3 O-O 10. O-O a6 11. Rfc1 Rc8 12. h3 Qe7 13.
Na4 Na5 14. Qd1 b5 15. Nc3 Bxc3 16. Rxc3 Rxc3 17. bxc3 Ne4 18. Qe1 Rc8 19. a4 Nb3 20. axb5 Nxa1 21. Qxa1 Nxc3 22. Bf1 axb5 23. Qa6 Qe8 24. Qb7 f6 25. g4 Bg6 26. h4 Be4 27. Nd2 Rd8 28. h5 Qd7 29. Qb6 e5 30. Bg3 exd4 31. exd4 Re8 32. Qc5 Rc8 33. Qb6 Qxg4 34.
Qb7 Re8 35. Qc6 Qe6 36. Qxc3 Qf5 37. Nxe4 dxe4 38. Qb3+ Kh8 39. Bxb5 Rc8 40. Bc4 Qxh5 41. d5 Ra8 42. Qb2 Rc8 43. Bb3 Qf3 44. d6 e3 45.
d7 Rd8 46. Qd4 e2 47. Qe3 Qe4 48. Qxe4 1-0

[Event "Early-Titled-Tuesday-Blitz-January-30-2024"]
[Site "Chess.com"]
[Date "2024.01.30"]
[Round "11"]
[White "garfield_pg"]
[Black "SirGerhard"]
[Result "1-0"]
[WhiteElo "2487"]
[BlackElo "2716"]
[TimeControl "180+1"]
[EndTime "10:12:50 PST"]
[Termination "garfield_pg won by resignation"]

1. d4 Nf6 2. Bf4 e6 3. e3 b6 4.
Qf3 Nc6 5. Nc3 Bb7 6. O-O-O Bb4 7. Nge2 O-O 8. h4 Qc8 9. Qh3 Ne7 10. Bg5 Ned5 11.
Nxd5 Nxd5 12. e4 Nf6 13. f3 d5 14. e5 Nd7 15. a3 a5 16. axb4 axb4 17. Be7 Re8 18.
Bxb4 c5 19. Bc3 b5 20. dxc5 Qxc5 21. f4 Nb6 22. Nd4 b4 23. Nb3 bxc3 24. Qxc3 Qxc3 25. bxc3 Rec8 26. Rh3 Na4 27. Kd2 Nb2 28. Rb1 Ra2 29. Kc1 Na4 30. Nd4 Ba8 31. Ba6 Rf8 32. Bb5 Nc5 33.
Bd3 g6 34. g4 f6 35. exf6 Rxf6 36. f5 gxf5 37. gxf5 e5 38. Rb8+ Rf8 39. Rxf8+ Kxf8 40. Nb3 Nxb3+ 41. cxb3 Ke7 42. Rg3 d4 43. cxd4 exd4 44.
Rg7+ Kf6 45. Rxh7 Bd5 46. Rc7 Bxb3 47. h5 Rh2 48. h6 Ke5 49. h7 Kf4 50. f6 Ke3 51.
Rc8 Kxd3 52. h8=Q Rd2 53. Qh7+ Ke2 54. Re8+ Kf3 55. Qe4+ Kf2 56. Kxd2 1-0

[Event "Early-Titled-Tuesday-Blitz-January-30-2024"]
[Site "Chess.com"]
[Date "2024.01.30"]
[Round "11"]
[White "DmitriiZakurdaev"]
[Black "Manukyan_Artak"]
[Result "0-1"]
[WhiteElo "2450"]
[BlackElo "2601"]
[TimeControl "180+1"]
[EndTime "10:12:50 PST"]
[Termination "Manukyan_Artak won on time"]

1. d4 d5 2. c4 dxc4 3. Nf3 Nf6 4.
e3 Bg4 5. Bxc4 e6 6. h3 Bh5 7.
O-O Nbd7 8. Nc3 a6 9. a4 c5 10.
Be2 Be7 11. d5 exd5 12. Nxd5 O-O 13. Nxe7+ Qxe7 14. b3 Rad8 15. Qc2 Bg6 16. Qa2 Ne4 17. Bb2 Ndf6 18. Rad1 Nd5 19. Qa1 f6 20. Bc4 Bf7 21.
Nd2 Nxd2 22. Rxd2 Nb4 23. Rfd1 Bxc4 24. bxc4 Rxd2 25. Rxd2 Rd8 26. Qd1 Rxd2 27. Qxd2 Kf8 28. Ba3 a5 29. Bb2 Ke8 30. Qe2 Qe4 31. Qh5+ Kf8 32.
Qxc5+ Kg8 33. Qc8+ Kf7 34. Qc7+ Kg6 35. Bd4 Qb1+ 36.
Kh2 Nd3 37. Qg3+ Kf7 38. Qc7+ Kg6 39. h4 h5 40. Qg3+ Kf7 41. Qf3 g6 42. g4 hxg4 43. Qxg4 Nxf2 44. Qd7+ Kg8 45. Bxf6 Ng4+ 0-1

[Event "Early-Titled-Tuesday-Blitz-January-30-2024"]
[Site "Chess.com"]
[Date "2024.01.30"]
[Round "11"]
[White "HamedWafa4"]
[Black "Anton_Demchenko"]
[Result "0-1"]
[WhiteElo "2813"]
[BlackElo "2941"]
[TimeControl "180+1"]
[EndTime "10:12:51 PST"]
[Termination "Anton_Demchenko won by resignation"]

1. e4 e5 2. Nf3 Nc6 3. Nc3 Nf6 4. Bc4 Nxe4 5. O-O Nxc3 6. dxc3 f6 7. b4 Qe7 8. Re1 d6 9. Nd4 Bd7 10. b5 Na5 11.
Bd5 c6 12. bxc6 bxc6 13. Bf3 Qd8 14. Bg4 Qc8 15. Bh5+ g6 16. Bf3 Be7 17. Bh6 Nb7 18.
Rb1 Nd8 19. h4 Nf7 20. Qd2 Bf8 21. Bxf8 Kxf8 22. Ne2 Kg7 23. Ng3 Qc7 24. h5 Rhd8 25.
c4 Be6 26. Re4 d5 27. Rh4 g5 28. Rh2 e4 29. h6+ Kf8 30. Bh5 Ne5 31. c5 Rab8 32.
Re1 Qe7 33. Ne2 Qxc5 34. Nd4 Bg8 35. f4 exf3 36. Bxf3 Re8 37. c3 Nc4 38. Qd1 Rxe1+ 39. Qxe1 Qd6 40. Rh3 Qe5 41. Qf2 Rb1+ 42. Qf1 Rxf1+ 43.
Kxf1 Nd2+ 44. Kf2 c5 45. Ne2 g4 46. Bxg4 Ne4+ 47. Kg1 Qg5 48. Bf3 Qe3+ 0-1

[Event "Early-Titled-Tuesday-Blitz-January-30-2024"]
[Site "Chess.com"]
[Date "2024.01.30"]
[Round "11"]
[White "azikom"]
[Black "Caroexpert"]
[Result "1-0"]
[WhiteElo "2726"]
[BlackElo "2587"]
[TimeControl "180+1"]
[EndTime "10:12:52 PST"]
[Termination "azikom won on time"]

1. d4 Nf6 2. c4 e6 3. Nc3 d5 4.
Bg5 dxc4 5. e3 a6 6. Bxc4 b5 7. Be2 c5 8. Bf3 Ra7 9. Nge2 Bb7 10. Bxb7 Rxb7 11. O-O Nbd7 12. Ne4 Be7 13. Bxf6 gxf6 14. dxc5 Nxc5 15. Qxd8+ Kxd8 16. Nxc5 Bxc5 17. Rac1 Rc7 18. Rfd1+ Ke7 19. g3 Rhc8 20. Nf4 Bd6 21. Rxc7+ Rxc7 22. Rd2 a5 23. Kf1 b4 24. b3 Be5 25. Nd3 Bc3 26. Rd1 f5 27. Ke2 Rc6 28. h3 Bf6 29. Rd2 Bc3 30. Rc2 Rd6 31. g4 Kf6 32. Rc1 e5 33.
Rc2 h5 34. gxf5 Kxf5 35. f3 e4 36. fxe4+ Kxe4 37. Nf2+ Kf5 38. Kf3 Rf6 39. Ne4 Rc6 40. Rg2 Ke5 41. Rg5+ f5 42. Ng3 h4 43. Nxf5 Kf6 44.
Kg4 Be5 45. Nxh4 Rc2 46. Rg6+ Kf7 47. Rg5 1-0

[Event "Early-Titled-Tuesday-Blitz-January-30-2024"]
[Site "Chess.com"]
[Date "2024.01.30"]
[Round "11"]
[White "secrethawk1"]
[Black "viktorskliarov"]
[Result "1-0"]
[WhiteElo "2477"]
[BlackElo "2631"]
[TimeControl "180+1"]
[EndTime "10:12:52 PST"]
[Termination "secrethawk1 won by resignation"]

1. d4 Nf6 2. Bf4 g6 3. e3 Bg7 4. Nf3 O-O 5. h3 d6 6. Be2 c5 7. c3 Qb6 8. Qb3 Be6 9. Qxb6 axb6 10. a3 Nd5 11. Bh2 cxd4 12. exd4 Bh6 13. O-O Nf4 14.
Bxf4 Bxf4 15. Nbd2 Nc6 16. Nc4 b5 17. Ne3 Na7 18.
Rfe1 Bxe3 19. fxe3 f5 20. Nd2 Bd7 21. Rac1 Rac8 22. Bd3 e5 23. Red1 e4 24. Be2 d5 25.
b3 Rc6 26. c4 bxc4 27. bxc4 Rfc8 28. c5 b6 29. Nb3 Be8 30. a4 Rb8 31. Rb1 Rcc8 32.
cxb6 Rxb6 33. Nc5 Rcb8 34. Ra1 Rb2 35. Kf1 Kf7 36. Rdc1 Kf6 37. Na6 R8b6 38. Nc7 Bf7 39. a5 R6b3 40. a6 Rxe3 41. Re1 f4 42. Rab1 Ra2 43. Rb6+ Ke7 44. Rb7 Nc8 45. Nxd5+ Kd6 46. Nxe3 fxe3 47. Rxf7 Nb6 48. a7 Nd5 49. Bc4 Nc3 50.
Bxa2 1-0

[Event "Early-Titled-Tuesday-Blitz-January-30-2024"]
[Site "Chess.com"]
[Date "2024.01.30"]
[Round "11"]
[White "Zohid6"]
[Black "Mops_2004"]
[Result "0-1"]
[WhiteElo "2862"]
[BlackElo "2776"]
[TimeControl "180+1"]
[EndTime "10:12:53 PST"]
[Termination "Mops_2004 won by checkmate"]

1. d4 g6 2. e4 Bg7 3. Nc3 d6 4. f4 Nf6 5. Bd3 Nc6 6. e5 dxe5 7. dxe5 Nd5 8. Nf3 Nxc3 9. bxc3 O-O 10. Qe2 Qd5 11. Be3 Bg4 12. O-O Rad8 13. Rab1 b6 14.
h3 Bxf3 15. Qxf3 Qxf3 16. Rxf3 Na5 17. Rff1 e6 18. Rb4 f6 19. exf6 Bxf6 20. Re4 Kf7 21. Bd2 Nb7 22. Re2 Nd6 23. Rfe1 Rfe8 24. a4 c5 25. c4 Nf5 26. g4 Nd4 27. Rf2 Bh4 28.
Re5 Bxf2+ 29. Kxf2 Nxc2 30. Ke2 Nd4+ 31. Ke3 Nc6 32.
Re4 e5 33. f5 gxf5 34. gxf5 Rd4 35. Bc3 Rxe4+ 36. Bxe4 Nd4 37. Be1 Kg7 38. Bh4 Rf8 39.
f6+ Kh6 40. Kd3 Ne6 41. Bf5 Ng5 42. Bxg5+ Kxg5 43. Ke4 Kxf6 44. Bxh7 Rd8 45. Kf3 Rh8 46. Be4 Rxh3+ 47. Ke2 Kg5 48. Bg2 Rc3 49. Bd5 Kf4 50.
Kd2 Ra3 51. Bc6 e4 52. Ke2 e3 53. Bb5 Ke5 54. a5 bxa5 55. Kd1 Kd4 56. Kc2 e2 57. Kd2 Ra2+ 58. Ke1 Ke3 59. Ba4 Ra1+ 60. Bd1 Rxd1# 0-1

[Event "Early-Titled-Tuesday-Blitz-January-30-2024"]
[Site "Chess.com"]
[Date "2024.01.30"]
[Round "11"]
[White "VitaliyBernadskiy"]
[Black "Njal28"]
[Result "1-0"]
[WhiteElo "2937"]
[BlackElo "3034"]
[TimeControl "180+1"]
[EndTime "10:12:55 PST"]
[Termination "VitaliyBernadskiy won by resignation"]

1. e4 e5 2. Nf3 Nc6 3. Bb5 a6 4. Ba4 d6 5. O-O Bd7 6. c3 Nge7 7. d4 Ng6 8. Re1 Be7 9. h3 O-O 10. Nbd2 exd4 11. cxd4 Nb4 12. Bxd7 Qxd7 13. Nf1 d5 14. e5 Qb5 15. Ng3 c5 16. Nf5 Nd3 17. a4 Qc4 18.
Ne3 Nxe1 19. Nxc4 Nxf3+ 20. Qxf3 dxc4 21. Be3 cxd4 22. Bxd4 Rad8 23. Qe4 b5 24. axb5 axb5 25.
f4 f5 26. exf6 Bxf6 27. Bxf6 Rxf6 28. Ra8 Rxa8 29. Qxa8+ Kf7 30. Qd5+ Ke7 31. Qc5+ Ke6 32. g3 Rf5 33. Qc6+ Kf7 34. Qc7+ Ne7 35. Kg2 Rd5 36.
Kf3 Rd2 37. Qe5 Rd5 38. Qe4 Rd2 39. f5 Rxb2 40. Qe6+ Ke8 41. g4 Rb1 42. Qe5 Kf7 43. Qe6+ Kf8 44. Qe5 b4 45. Qe4 Rb3+ 46. Kf4 Rb2 47.
Qxc4 h6 48. Qd4 Rb1 49. Qd3 Rb2 50. h4 b3 51. g5 hxg5+ 52. hxg5 Rc2 53. Qxb3 Rc8 54.
g6 Ke8 55. Qf7+ Kd7 56. Qxg7 Rc4+ 57. Kf3 Kd6 58. Qf6+ Kd5 59. Qe6+ Kd4 60. Qxe7 1-0

[Event "Early-Titled-Tuesday-Blitz-January-30-2024"]
[Site "Chess.com"]
[Date "2024.01.30"]
[Round "11"]
[White "Shuvalov"]
[Black "SahibSinghKnight"]
[Result "0-1"]
[WhiteElo "2465"]
[BlackElo "2649"]
[TimeControl "180+1"]
[EndTime "10:12:55 PST"]
[Termination "SahibSinghKnight won by resignation"]

1. d4 d5 2. c4 e6 3. Nc3 c6 4. e4 dxe4 5. Nxe4 Bb4+ 6. Bd2 Qxd4 7. Bxb4 Qxe4+ 8. Ne2 Na6 9. Bf8 Ne7 10. Bxg7 Nb4 11.
Bxh8 Nd3+ 12. Kd2 Nxf2 13. Qe1 Nxh1 14. Nc3 Qf4+ 15. Qe3 Qxh2 16. Be5 Qh4 17. Bd3 f6 18. g3 Qh2+ 19. Qe2 Nf2 20. Bxf6 Qh6+ 21. Kc2 Qxf6 22. Rf1 Nf5 23. Qxf2 Nd4+ 24. Kb1 Qxf2 25. Rxf2 e5 26. Bxh7 Be6 27. Bg6+ Ke7 28. b3 Rg8 29. Bh5 Rxg3 30.
Ne4 Bf5 31. Rxf5 Rg1+ 32. Kb2 Nxf5 33. Nc5 Ng3 34. Bg4 Ne4 35. Nxe4 Rxg4 36. Nc5 b6 37.
Na6 e4 38. Nb4 Kd6 39. Kc3 Rg3+ 40. Kd2 Kc5 41. Na6+ Kd4 42. Nb8 e3+ 43. Ke2 Ke4 44. Nxc6 Rg2+ 45. Ke1 Rxa2 46. Nb4 Rb2 47. Nd5 Rxb3 48.
Ke2 Rb2+ 49. Ke1 Rc2 50. Nf6+ Kf3 51. Kd1 Rxc4 0-1

[Event "Early-Titled-Tuesday-Blitz-January-30-2024"]
[Site "Chess.com"]
[Date "2024.01.30"]
[Round "11"]
[White "Baby_Legs"]
[Black "andrzej"]
[Result "1-0"]
[WhiteElo "2624"]
[BlackElo "2441"]
[TimeControl "180+1"]
[EndTime "10:12:55 PST"]
[Termination "Baby_Legs won by checkmate"]

1. c4 e6 2. Nc3 d5 3. cxd5 exd5 4.
d4 Nf6 5. Bg5 c6 6. e3 h6 7. Bh4 Be7 8. Bd3 O-O 9. Qc2 Re8 10.
Nf3 Ne4 11. Bxe7 Qxe7 12. Bxe4 dxe4 13. Ne5 f5 14. h4 Kh7 15. h5 Be6 16. O-O-O Na6 17.
Kb1 Nb4 18. Qe2 c5 19. g4 cxd4 20. exd4 Nd3 21. Nxd3 Bc4 22. Nd5 Qf7 23. Ne5 Rxe5 24.
Qxc4 Qxd5 25. Qc7 Re6 26. gxf5 Ra6 27. a3 Rf8 28. Rhg1 Rf7 29. Qe5 Qb3 30. Qxe4 Raf6 31. Rd3 Qc4 32. Rdg3 Qc7 33. Rg6 b5 34. Rxf6 Rxf6 35.
Rg6 Qf7 36. Rxf6 Qxf6 37. d5 a5 38. Qd3 b4 39. axb4 axb4 40. d6 b3 41. d7 Qd8 42.
f6+ Kg8 43. Qd5+ Kf8 44. Qd6+ Kg8 45. fxg7 Kxg7 46. Qg6+ Kf8 47. Qxh6+ Kf7 48. Qg6+ Kf8 49. Qf5+ Kg7 50. f4 Qh4 51. Qg5+ Kf8 52. Qxh4 Kg8 53. d8=Q+ Kh7 54. Qde7+ Kh6 55. Qhg5# 1-0

[Event "Early-Titled-Tuesday-Blitz-January-30-2024"]
[Site "Chess.com"]
[Date "2024.01.30"]
[Round "11"]
[White "PepeCuenca"]
[Black "Sethu0025"]
[Result "0-1"]
[WhiteElo "2670"]
[BlackElo "2869"]
[TimeControl "180+1"]
[EndTime "10:12:57 PST"]
[Termination "Sethu0025 won on time"]

1. d4 d5 2. Bf4 Nf6 3. e3 e6 4. Nf3 c5 5. Nbd2 Nc6 6. c3 cxd4 7. exd4 Nh5 8. Be3 Bd6 9. Bd3 Nf4 10. Bxf4 Bxf4 11. O-O O-O 12. Re1 Bd7 13. a4 Qc7 14. b4 Rac8 15. Nb3 b6 16. Ba6 Rcd8 17. Qd3 f6 18. a5 Nb8 19. axb6 axb6 20. Bb5 Bxb5 21. Qxb5 Qxc3 22. Rab1 Rd6 23. Red1 Qc4 24. Qa4 Nc6 25. Nbd2 Bxd2 26. Rxd2 e5 27. Rc2 Qd3 28. Ne1 Qg6 29. Nf3 Nxd4 30. Nxd4 exd4 31. Rd1 Re8 32. Rcd2 Rde6 33.
Qa1 d3 34. h3 Re2 35. Rxd3 Qxd3 36. Rxd3 Re1+ 37. Qxe1 Rxe1+ 38. Kh2 Rb1 39. Rxd5 Rxb4 40. Rd7 h5 41. g3 b5 42. h4 Rb1 43. Rb7 b4 44. Kg2 b3 45. Kh2 Kh7 46. Kg2 Kg6 47.
Kh2 Kh6 48. Kg2 g5 49. Rb6 Kg6 50. hxg5 Kxg5 51. Rb5+ Kg6 52. Kf3 b2 53. Kg2 f5 54.
f4 Kf6 55. Kf3 Rf1+ 0-1

[Event "Early-Titled-Tuesday-Blitz-January-30-2024"]
[Site "Chess.com"]
[Date "2024.01.30"]
[Round "11"]
[White "Licancabur"]
[Black "HajiyevKanan"]
[Result "0-1"]
[WhiteElo "2424"]
[BlackElo "2569"]
[TimeControl "180+1"]
[EndTime "10:12:57 PST"]
[Termination "HajiyevKanan won on time"]

1. d4 d5 2. c4 c6 3. Nf3 Nf6 4. Nc3 a6 5. cxd5 cxd5 6. Bf4 Nc6 7. e3 Bg4 8. Rc1 e6 9. Bd3 Bd6 10. Bg5 O-O 11. O-O Qc7 12. h3 Bh5 13. Bxf6 gxf6 14.
g4 Bg6 15. Nh4 Kg7 16. f4 Rac8 17. f5 Bg3 18. Ng2 Bh2+ 19. Kh1 Qg3 20. Rf3 Qd6 21. fxg6 hxg6 22. Qe1 Rh8 23. Qf2 Qc7 24. Rf1 Rcf8 25.
a3 f5 26. gxf5 gxf5 27. Bxf5 exf5 28. Nxd5 Qd6 29. Ndf4 Bxf4 30. Nxf4 Kf6 31. Nd3 Ke7 32.
Nf4 Rfg8 33. Rg3 Kd8 34. Rfg1 Rxg3 35. Rxg3 Ne7 36. Qg2 Qc6 37. Qxc6 bxc6 38. Rg7 Ke8 39. Kg2 Kf8 40. Rg5 Rh6 41. Kg3 Rd6 42. h4 Rd7 43. h5 Ng8 44. Kf3 Nh6 45. Nh3 Rb7 46. b4 a5 47. b5 cxb5 48. Nf4 b4 49. axb4 axb4 50. Rg2 Ng4 51. e4 b3 52. Rb2 Nh6 53. Nd5 Kg7 54.
Ne3 fxe4+ 55. Kxe4 Re7+ 56. Kd3 Rb7 57. Nc4 f5 58. Nd2 Kf6 59. Rxb3 Rd7 60. Rb5 Kg5 61.
Nf3+ Kf4 62. Ne5 Ra7 63. Rb6 Ra3+ 64. Kc4 Kg5 0-1

[Event "Early-Titled-Tuesday-Blitz-January-30-2024"]
[Site "Chess.com"]
[Date "2024.01.30"]
[Round "11"]
[White "BardArtem"]
[Black "Alex_Sahakyan2006"]
[Result "1-0"]
[WhiteElo "2795"]
[BlackElo "2873"]
[TimeControl "180+1"]
[EndTime "10:12:58 PST"]
[Termination "BardArtem won on time"]

1. e4 e5 2. Nf3 Nc6 3. Bc4 Nf6 4. d3 Bc5 5. Nc3 d6 6. Bg5 h6 7. Bxf6 Qxf6 8. Nd5 Qd8 9. c3 a5 10.
d4 Ba7 11. dxe5 Nxe5 12. Nxe5 dxe5 13. Qh5 O-O 14. Qxe5 Re8 15. Qf4 Bb8 16. Ne3 Qe7 17. O-O b5 18. Bb3 c6 19. Qf3 a4 20. Bc2 a3 21. b4 Qe5 22. g3 Qxc3 23. Bb3 Ra7 24. Rac1 Qxb4 25. Rxc6 Bh3 26. Rfc1 Be6 27. Bxe6 fxe6 28.
Rc8 Re7 29. Qh5 Kf8 30. Ng4 Qxe4 31. h3 Qf5 32. Qh4 Qg5 33. Qxg5 hxg5 34. R8c5 b4 35. Rxg5 Rb7 36. Ra5 Bd6 37. Ra6 Rd8 38. Rcc6 Ke7 39.
Ne5 Bxe5 40. Rxe6+ Kf7 41. Rxe5 Rd2 42. Rf5+ Kg8 43. g4 Rxa2 44. g5 Kh7 45. h4 Rc2 46. g6+ Kh6 47. Rf8 Kh5 48. Kg2 Kg4 49. Re6 1-0

[Event "Early-Titled-Tuesday-Blitz-January-30-2024"]
[Site "Chess.com"]
[Date "2024.01.30"]
[Round "11"]
[White "yuriydovzik"]
[Black "NewYearGirl"]
[Result "0-1"]
[WhiteElo "2208"]
[BlackElo "2340"]
[TimeControl "180+1"]
[EndTime "10:12:59 PST"]
[Termination "NewYearGirl won on time"]

1. g3 d5 2. Bg2 e5 3. c4 c6 4. cxd5 cxd5 5. d3 Nc6 6. Nf3 Bd6 7. O-O Nge7 8. Nc3 O-O 9. b3 h6 10. Bb2 Be6 11. e3 Rc8 12. h3 Bb8 13. Qe2 Qd7 14. Kh2 f5 15. d4 e4 16. Ne1 g5 17. f4 exf3 18. Nxf3 Ng6 19. Na4 b6 20. Rad1 Nh4 21. Ne5 Nxe5 22. dxe5 Nxg2 23. Qxg2 Qg7 24. Rxd5 Bxd5 25.
Qxd5+ Kh7 26. Rf2 Rfd8 27. Qe6 Qd7 28. Qxd7+ Rxd7 29. Bd4 Kg6 30. Nb2 Rdc7 31. Nc4 b5 32.
Nd6 Rc2 33. Nxc8 Rxf2+ 34. Kg1 Rxa2 35. e6 Rc2 36. Ne7+ Kh7 37. Nxf5 Kg8 38. Nxh6+ Kf8 39.
Nf7 a5 40. Nxg5 a4 41. Bf6 a3 42. e7+ Ke8 43. Ne6 Kf7 44. Ng7 Rc8 45. e8=Q+ Rxe8 46. Nxe8 Kxe8 47. b4 Bxg3 48. Kf1 Bd6 49. Bc3 a2 50. Ke2 Bxb4 51. Bb2 Ba3 52. Bd4 b4 53. Kd1 b3 54.
Ba1 b2 55. Bxb2 Bxb2 0-1